 Dungeon Crawl Stone Soup version 0.26-a0-597-gb535b0901c (webtiles) character file.

Game seed: 8446386442883716973

23975 Apogee the Thaumaturge (level 13, -4/98 HPs)
             Began as a Gnoll Venom Mage on Sept 9, 2020.
             Was a Priest of Yredelemnul.
             Slain by a seven-headed hydra (14 damage)
             ... on level 6 of the Lair of Beasts.
             The game lasted 00:38:41 (19582 turns).

Apogee the Thaumaturge (Gnoll Venom Mage)          Turns: 19582, Time: 00:38:41

Health: -4/98      AC: 13    Str: 15    XL:     13   Next: 10%
Magic:  17/26      EV: 15    Int: 25    God:    Yredelemnul [***...]
Gold:   845        SH:  0    Dex: 13    Spells: 10/30 levels left

rFire    + + .     SeeInvis .   a - +1 rapier (vamp) {!w}
rCold    + . .     Faith    .   (no shield)
rNeg     . . .     Spirit   .   H - +2 ring mail "Ohec" {rC+ rCorr}
rPois    +         Reflect  .   y - +0 helmet (curse)
rElec    +         Harm     .   P - scarf {rC+ rF+}
rCorr    +                      V - +1 pair of gloves
MR       .....                  R - +0 pair of boots
Stlth    +++.......             (no amulet)
HPRegen  0.26/turn              o - ring of resist corrosion
MPRegen  0.20/turn              E - ring "Byfysh" {Fire rElec rPois Int+6 Dex-2}

@: confusing touch
A: distributed training, fangs 1, strong nose
a: Recall Undead Slaves, Injury Mirror, Animate Dead, Renounce Religion


You were on level 6 of the Lair of Beasts.
You worshipped Yredelemnul.
Yredelemnul was most pleased with you.
You visited 2 branches of the dungeon, and saw 16 of its levels.
You also visited: Volcano.

You collected 990 gold pieces.
You spent 145 gold pieces at shops.

Inventory:

Hand Weapons
 a - a +1 vampiric rapier (weapon) {!w}
   (You found it on level 7 of the Dungeon)
Missiles
 k - 480 stones (quivered)
Armour
 y - a cursed +0 helmet (worn)
   (You found it on level 4 of the Dungeon)
 H - the +2 ring mail "Ohec" (worn) {rC+ rCorr}
   (You found it on level 5 of the Dungeon)

   It protects you from cold.
   It provides partial protection from all sources of acid and corrosion.
 P - a scarf of resistance (worn)
   (You found it on level 3 of the Dungeon)
 Q - a +0 kite shield
   (You found it on level 8 of the Dungeon)
 R - a +0 pair of boots (worn)
   (You found it on level 7 of the Dungeon)
 V - a +1 pair of gloves (worn)
   (You found it on level 9 of the Dungeon)
Magical Staves
 b - an uncursed staff of poison
   (You found it on level 3 of the Dungeon)
Jewellery
 e - an uncursed amulet of magic regeneration
   (You found it on level 3 of the Dungeon)
 o - a ring of resist corrosion (left hand)
   (You found it on level 3 of the Dungeon)
 D - a cursed ring of attention {unknown}
   (You found it on level 1 of the Lair of Beasts)
 E - the ring "Byfysh" (right hand) {Fire rElec rPois Int+6 Dex-2}
   (You bought it in a shop on level 5 of the Dungeon)

   [ring of fire]

   It enhances your fire magic.
   It affects your intelligence (+6).
   It affects your dexterity (-2).
   It protects you from fire.
   It makes you vulnerable to cold.
   It insulates you from electricity.
   It protects you from poison.
 G - an uncursed amulet of reflection {unknown}
   (You found it on level 5 of the Dungeon)
 M - an uncursed ring of protection from fire {unknown}
   (You found it on level 6 of the Dungeon)
 Y - an uncursed ring of flight {unknown}
   (You found it on level 2 of the Lair of Beasts)
 Z - an uncursed ring of positive energy {unknown}
   (You found it on level 3 of the Lair of Beasts)
Wands
 c - a wand of disintegration (23)
   (You found it on level 8 of the Dungeon)
 d - a wand of iceblast (4)
   (You found it on level 4 of the Lair of Beasts)
 u - a wand of paralysis (16)
   (You found it on level 8 of the Dungeon)
 x - a wand of acid (23)
   (You found it on level 6 of the Dungeon)
 J - a wand of polymorph (7)
   (You found it on level 5 of the Dungeon)
Scrolls
 h - 4 scrolls of enchant armour {unknown}
 j - a scroll of fog {unknown}
 m - a scroll of enchant weapon {unknown}
 n - 7 scrolls of teleportation {@r4}
 p - 8 scrolls of remove curse {@r2}
 q - a scroll of amnesia {unknown}
 r - 3 scrolls of noise {unknown}
 s - a scroll of vulnerability {unknown}
 t - a scroll of identify {@r1}
 A - a scroll of blinking {unknown}
 B - 2 scrolls of magic mapping {unknown}
 O - a scroll of immolation {unknown}
 T - 2 scrolls of fear {unknown}
 U - a scroll of summoning {unknown}
 X - a scroll of brand weapon {unknown}
Potions
 f - 3 potions of resistance
 g - 2 potions of lignification {!q}
 i - 3 potions of might
 l - 2 potions of flight
 v - a potion of invisibility {unknown}
 w - a potion of stabbing {unknown}
 z - a potion of haste {unknown}
 C - a potion of heal wounds {unknown}
 F - a potion of cancellation {unknown}
 I - 2 potions of brilliance
 K - a potion of magic {unknown}
 L - 3 potions of ambrosia
 N - a potion of degeneration {unknown}
 S - 2 potions of berserk rage {unknown}
 W - a potion of mutation {unknown}


   Skills:
 + Level 8.0 Fighting
 + Level 8.0 Short Blades
 + Level 8.0 Long Blades
 + Level 8.0 Axes
 + Level 8.0 Maces & Flails
 + Level 8.0 Polearms
 + Level 8.0 Staves
 + Level 8.0 Slings
 + Level 8.0 Bows
 + Level 8.0 Crossbows
 + Level 8.0 Throwing
 + Level 8.0 Armour
 + Level 9.2 Dodging
 + Level 9.1 Stealth
 + Level 8.0 Shields
 + Level 8.0 Unarmed Combat
 + Level 9.4 Spellcasting
 + Level 6.6 Conjurations
 + Level 6.6 Hexes
 + Level 6.6 Summonings
 + Level 6.6 Necromancy
 + Level 6.6 Translocations
 + Level 7.0 Transmutations
 + Level 6.6 Fire Magic
 + Level 6.6 Ice Magic
 + Level 6.6 Air Magic
 + Level 6.6 Earth Magic
 + Level 8.7 Poison Magic
 + Level 8.7 Invocations
 + Level 8.0 Evocations


You had 10 spell levels left.
You knew the following spells:

 Your Spells              Type           Power        Failure   Level
a - Sting                 Tmut/Pois      ####         1%          1
b - Ignite Poison         Fire/Tmut/Pois ######..     1%          3
c - Confusing Touch       Hex            #####...     1%          3
d - Iskenderun's Mystic   Conj/Tloc      #####...     6%          4
f - Mephitic Cloud        Conj/Pois/Air  #####...     1%          3
x - Poisonous Vapours     Pois/Air       ######       1%          2
y - Olgreb's Toxic Radia  Pois           ######..     2%          4

Your spell library contained the following spells:

 Spells                   Type           Power        Failure   Level
 Corona                   Hex            #####..      1%          1
 Magic Dart               Conj           ####         1%          1
 Ensorcelled Hibernation  Hex/Ice        #####.       1%          2
 Searing Ray              Conj           #####.       1%          2
 Dazzling Flash           Conj/Hex       #####.       1%          3
 Tukima's Dance           Hex            #####...     1%          3
 Fulminant Prism          Conj/Hex       #####.....   6%          4


Dungeon Overview and Level Annotations

Branches:
Dungeon (10/15)            Temple (0/1) D:6            Lair (6/6) D:8
 Shoals (0/4) Lair:3        Snake (0/4) Lair:3        Slime (0/5) Lair:5
    Orc (0/2) D:9         Volcano (visited)

Altars:
Dithmenos
Uskayaw
Yredelemnul

Shops:
D:4 *   D:5 =**

Annotations:
D:10 Erica
Lair:1 3 runed translucent doors, Vihemes's ghost, journeyman OgHu
Lair:2 exclusion: oklob plant


Innate Abilities, Weirdness & Mutations

Your experience applies equally to all skills.
You have very sharp teeth.
Your uncanny sense of smell can sniff out nearby items.


Message History

* * * LOW HITPOINT WARNING * * *
Okay, then.
You draw life from your surroundings.
The rime drake and the seven-headed hydra are drained of life.
You feel life flooding into your body.
You can no longer drain ambient life force.
The seven-headed hydra bites you.
* * * LOW HITPOINT WARNING * * *
The seven-headed hydra misses you. The seven-headed hydra bites you.
* * * LOW HITPOINT WARNING * * *
The seven-headed hydra misses you.
The seven-headed hydra completely misses you. x2
The seven-headed hydra bites you but does no damage.
Unknown command.
Your hands begin to glow red.
The rime drake breathes ice at you. The flash freeze misses you.
The seven-headed hydra barely misses you.
The seven-headed hydra bites you.
* * * LOW HITPOINT WARNING * * *
The seven-headed hydra bites you but does no damage.
The seven-headed hydra closely misses you.
The seven-headed hydra bites you but does no damage.
The seven-headed hydra bites you!
* * * LOW HITPOINT WARNING * * *
The seven-headed hydra bites you!
* * * LOW HITPOINT WARNING * * *
Okay, then.
Unknown command.
Okay, then.
Okay, then.
You barely miss the seven-headed hydra.
You hit the seven-headed hydra but do no damage.
You punch the seven-headed hydra, but do no damage.
The rime drake bites you.
* * * LOW HITPOINT WARNING * * *
The seven-headed hydra bites you but does no damage.
The seven-headed hydra bites you!
* * * LOW HITPOINT WARNING * * *
The seven-headed hydra barely misses you.
The seven-headed hydra closely misses you.
The seven-headed hydra bites you but does no damage.
The seven-headed hydra completely misses you.
The seven-headed hydra bites you.
* * * LOW HITPOINT WARNING * * *
Unknown command.
You hit the seven-headed hydra but do no damage.
The rime drake barely misses you. The seven-headed hydra bites you!
You die...
Your body rises from the dead as a mindless zombie.

......... ....≈##
.........# ...).≈≈
PY.........###...≈≈≈
...........##.?...##
...................#
................≈≈≈
...............≈≈≈
###............≈##
##@##............#
##§kD##....sPP...≈≈≈
###.§§§§......#...≈≈≈≈
####..≈§≈≈≈...........≈.#
##.#.##≈≈≈≈≈.....P........
#...####≈§≈##...........≈≈
##.###.##≈##....(.#....≈≈≈
#####...###........##...#
..##...........^.#.# #..


You could see a seven-headed hydra and a rime drake.

Vanquished Creatures
  Erolcha (D:10)
  A hydra (Lair:3)
  A centaur warrior (Volcano)
  A hell knight (Volcano)
  Nergalle (D:10)
  2 manticores
  2 black mambas
  A molten gargoyle (Volcano)
  Maggie (Lair:2)
  5 cane toads
  9 komodo dragons
  4 yaktaurs (Volcano)
  2 rime drakes (Lair:4)
  A polar bear (Lair:6)
  A slime creature (Lair:5)
  A hornet (Lair:6)
  8 blink frogs
  5 hippogriffs
  Sigmund (D:2)
  2 wyverns
  17 yaks
  4 fire bats (Volcano)
  A swamp worm (Lair:6)
  4 water moccasins
  8 porcupines
  2 ice beasts
  A phantom (D:8)
  4 orc warriors
  A sky beast (D:7)
  A wolf (Lair:1)
  A necrophage (D:5)
  2 ogres
  10 crocodiles
  A centaur (Volcano)
  A big kobold (D:7)
  11 bullfrogs
  A scorpion (D:8)
  A howler monkey (D:6)
  2 bullfrog zombies
  7 lava snakes (Volcano)
  A quasit (D:10)
  2 bullfrog skeletons
  A centaur skeleton (D:8)
  8 hounds
  An orc priest (D:9)
  4 jellies
  7 orc wizards
  3 iguanas
  8 worker ants
  Robin (D:2)
  A howler monkey zombie (D:6)
  12 adders
  4 white imps
  2 ufetubi
  2 oozes (D:1)
  An adder zombie (D:6)
  2 adder skeletons
  2 worms
  A dart slug (D:5)
  6 leopard geckos
  33 orcs
  3 ball pythons
  7 bats
  5 giant cockroaches
  18 goblins
  9 hobgoblins
  2 jackals (D:3)
  A quokka (D:9)
  6 frilled lizards
  8 kobolds
  2 leopard gecko skeletons
  A leopard gecko zombie (D:6)
  12 rats
  A spectral orc (D:4)
307 creatures vanquished.

Vanquished Creatures (collateral kills)
  A catoblepas (Lair:4)
  2 cane toads
  2 komodo dragons
  2 hippogriffs
  A fire bat (Volcano)
  2 water moccasins
  2 porcupines
  2 crocodiles
  3 bullfrogs
  A jelly (Lair:5)
18 creatures vanquished.

Vanquished Creatures (others)
  3 wights
  A mummy (Lair:6)
  A blink frog skeleton (Lair:5)
  A blink frog zombie (Lair:5)
  A water moccasin zombie (Lair:4)
  A crocodile zombie (Lair:1)
  A hippogriff zombie (Lair:3)
  2 porcupine zombies
  28 fungi
  56 plants
95 creatures vanquished.

Grand Total: 420 creatures vanquished

Notes
Turn   | Place    | Note
-------+----------+-------------------------------------------
     0 | D:1      | Apogee the Gnoll Venom Mage began the quest for the Orb.
     0 | D:1      | Reached XP level 1. HP: 13/13 MP: 6/6
   143 | D:1      | Reached XP level 2. HP: 19/19 MP: 7/7
   171 | D:1      | Learned a level 2 spell: Poisonous Vapours
   496 | D:1      | Reached XP level 3. HP: 16/25 MP: 6/9
   630 | D:1      | Reached skill level 5 in Spellcasting
  1054 | D:1      | Reached skill level 1 in Invocations
  1301 | D:2      | Noticed Robin
  1394 | D:2      | Noticed Sigmund
  1408 | D:2      | Killed Sigmund
  1408 | D:2      | Reached skill level 1 in Fighting
  1408 | D:2      | Reached skill level 1 in Short Blades
  1408 | D:2      | Reached skill level 1 in Long Blades
  1408 | D:2      | Reached skill level 1 in Axes
  1408 | D:2      | Reached skill level 1 in Maces & Flails
  1408 | D:2      | Reached skill level 1 in Polearms
  1408 | D:2      | Reached skill level 1 in Staves
  1408 | D:2      | Reached skill level 1 in Slings
  1408 | D:2      | Reached skill level 1 in Bows
  1408 | D:2      | Reached skill level 1 in Crossbows
  1408 | D:2      | Reached skill level 1 in Throwing
  1408 | D:2      | Reached skill level 1 in Armour
  1408 | D:2      | Reached skill level 1 in Shields
  1408 | D:2      | Reached skill level 1 in Unarmed Combat
  1408 | D:2      | Reached skill level 1 in Conjurations
  1408 | D:2      | Reached skill level 1 in Hexes
  1408 | D:2      | Reached skill level 1 in Summonings
  1408 | D:2      | Reached skill level 1 in Necromancy
  1408 | D:2      | Reached skill level 1 in Translocations
  1408 | D:2      | Reached skill level 1 in Fire Magic
  1408 | D:2      | Reached skill level 1 in Ice Magic
  1408 | D:2      | Reached skill level 1 in Air Magic
  1408 | D:2      | Reached skill level 1 in Earth Magic
  1408 | D:2      | Reached skill level 1 in Evocations
  1408 | D:2      | Reached XP level 4. HP: 11/33 MP: 3/11
  1408 | D:2      | Reached XP level 5. HP: 13/38 MP: 3/12
  1633 | D:2      | Reached XP level 6. HP: 44/44 MP: 7/13
  1712 | D:2      | Killed Robin
  2540 | D:3      | Reached skill level 5 in Dodging
  2546 | D:3      | Learned a level 3 spell: Ignite Poison
  2813 | D:3      | Found a faded altar of an unknown god.
  3799 | D:4      | Noticed a phantom
  3866 | D:4      | Reached XP level 7. HP: 37/50 MP: 8/15
  4108 | D:4      | Found a basalt altar of Yredelemnul.
  4127 | D:4      | Became a worshipper of Yredelemnul the Dark
  4146 | D:4      | Found Luwiklan's Assorted Antiques.
  4305 | D:5      | Entered Level 5 of the Dungeon
  4305 | D:5      | Found Itomueh's Assorted Antiques.
  4311 | D:5      | Bought a warped granite ring for 145 gold pieces
  4322 | D:5      | Identified the ring "Byfysh" {Fire rElec rPois Int+6 Dex-2}
                  | (You bought it in a shop on level 5 of the Dungeon)
  4327 | D:5      | Learned a level 3 spell: Mephitic Cloud
  4715 | D:5      | Reached skill level 5 in Stealth
  4800 | D:5      | Found Xoapur's Assorted Antiques.
  4837 | D:5      | Learned a level 4 spell: Olgreb's Toxic Radiance
  5081 | D:5      | Got a heavily runed ring mail
  5092 | D:5      | Identified the +2 ring mail "Ohec" {rC+ rCorr} (You found
                  | it on level 5 of the Dungeon)
  5454 | D:5      | Found Huidghuti's Jewellery Shoppe.
  5744 | D:6      | Reached XP level 8. HP: 51/57 MP: 16/16
  5775 | D:6      | Found a staircase to the Ecumenical Temple.
  5786 | D:6      | Reached * piety under Yredelemnul
  5953 | D:6      | Found a shadowy altar of Dithmenos.
  7801 | D:7      | Found a hide-covered altar of Uskayaw.
  7986 | D:7      | You fall into a shaft and drop 1 floor!
  7990 | D:8      | Reached ** piety under Yredelemnul
  8021 | D:8      | Reached XP level 9. HP: 47/65 MP: 1/18
  8184 | D:8      | Found a staircase to the Lair.
  9049 | D:8      | Learned a level 3 spell: Confusing Touch
  9444 | D:9      | Found a staircase to the Orcish Mines.
  9469 | D:9      | Reached *** piety under Yredelemnul
  9494 | D:9      | Reached skill level 5 in Invocations
 10018 | D:10     | Entered Level 10 of the Dungeon
 10018 | D:10     | Noticed Erolcha
 10019 | D:10     | Noticed Nergalle
 10020 | D:10     | Reached XP level 10. HP: 73/73 MP: 12/20
 10201 | D:10     | Noticed a gargoyle
 10280 | D:10     | Reached skill level 5 in Fighting
 10280 | D:10     | Reached skill level 5 in Short Blades
 10280 | D:10     | Reached skill level 5 in Long Blades
 10280 | D:10     | Reached skill level 5 in Axes
 10280 | D:10     | Reached skill level 5 in Maces & Flails
 10280 | D:10     | Reached skill level 5 in Polearms
 10280 | D:10     | Reached skill level 5 in Staves
 10280 | D:10     | Reached skill level 5 in Slings
 10280 | D:10     | Reached skill level 5 in Bows
 10280 | D:10     | Reached skill level 5 in Crossbows
 10280 | D:10     | Reached skill level 5 in Throwing
 10280 | D:10     | Reached skill level 5 in Armour
 10280 | D:10     | Reached skill level 5 in Shields
 10280 | D:10     | Reached skill level 5 in Unarmed Combat
 10280 | D:10     | Reached skill level 5 in Evocations
 10309 | D:10     | Killed Nergalle
 10436 | D:10     | Killed Erolcha
 10436 | D:10     | Reached skill level 5 in Transmutations
 10602 | D:10     | Noticed Erica
 10832 | Lair:1   | Entered Level 1 of the Lair of Beasts
 10832 | Lair:1   | Noticed a cane toad
 10846 | Lair:1   | Killed a cane toad
 11215 | Lair:1   | Noticed a cane toad
 11218 | Lair:1   | Killed a cane toad
 11244 | Lair:1   | Found a runed translucent gate.
 11244 | Lair:1   | Found a runed translucent gate.
 11244 | Lair:1   | Noticed Vihemes's ghost (journeyman OgHu)
 11245 | Lair:1   | Found a runed translucent gate.
 11385 | Lair:1   | Received a gift from Yredelemnul (a wight)
 11388 | Lair:1   | Reached XP level 11. HP: 81/81 MP: 2/22
 11590 | Lair:1   | Reached skill level 5 in Conjurations
 11590 | Lair:1   | Reached skill level 5 in Hexes
 11590 | Lair:1   | Reached skill level 5 in Summonings
 11590 | Lair:1   | Reached skill level 5 in Necromancy
 11590 | Lair:1   | Reached skill level 5 in Translocations
 11590 | Lair:1   | Reached skill level 5 in Fire Magic
 11590 | Lair:1   | Reached skill level 5 in Ice Magic
 11590 | Lair:1   | Reached skill level 5 in Air Magic
 11590 | Lair:1   | Reached skill level 5 in Earth Magic
 12838 | Lair:2   | Noticed Maggie
 12844 | Lair:2   | Killed Maggie
 12994 | Lair:2   | Received a gift from Yredelemnul (a wight)
 13534 | Lair:2   | Noticed an oklob plant
 14215 | Lair:3   | Found a staircase to the Snake Pit.
 14217 | Lair:3   | Noticed an eight-headed hydra
 14220 | Lair:3   | Reached XP level 12. HP: 89/89 MP: 16/24
 14229 | Lair:3   | Killed a nine-headed hydra
 14783 | Lair:3   | Reached **** piety under Yredelemnul
 14954 | Lair:3   | Found a staircase to the Shoals.
 16092 | Lair:4   | Noticed a catoblepas
 16106 | Lair:4   | Killed a catoblepas
 17282 | Lair:5   | Learned a level 4 spell: Iskenderun's Mystic Blast
 17285 | Lair:5   | Found a staircase to the Slime Pits.
 17830 | Lair:6   | Entered Level 6 of the Lair of Beasts
 17860 | Lair:6   | Received a gift from Yredelemnul (a mummy)
 18063 | Lair:6   | Found a dark tunnel.
 18068 | Volcano  | Entered a volcano
 18204 | Volcano  | Received a gift from Yredelemnul (a wight)
 18567 | Volcano  | Noticed a hell knight
 18572 | Volcano  | Found a radiant altar of Vehumet.
 18572 | Volcano  | Noticed a centaur warrior
 18584 | Volcano  | HP: 3/91 [centaur warrior (13)]
 18585 | Volcano  | Killed a centaur warrior
 18844 | Volcano  | HP: 4/92 [hell knight/+1 battleaxe of flaming (2)]
 18849 | Volcano  | Killed a hell knight
 19338 | Lair:6   | Reached XP level 13. HP: 93/98 MP: 16/26
 19582 | Lair:6   | Slain by a seven-headed hydra

Illustrated notes

Levels and vault maps discovered:
D:1:      dpeg_arrival_subterranean_lakeside_camping, layout_basic,
          minmay_misc_feat_tiny
D:2:      layout_loops_ring, uniq_sigmund, uniq_robin
D:3:      layout_basic, chequers_ecumenical_altar_island
D:4:      layout_basic, yredelemnul_forgotten_temple_becter, serial_shops,
          shop_fountains
D:5:      cheibrodos_barr_body, layout_cave_pools, serial_shops, shop_fountains,
          shop, shop_fountains
D:6:      layout_basic, minmay_temple_entry_stoned_glass, lemuel_statue_altar
D:7:      cheibrodos_iron_armory, layout_basic, nicolae_overflow_crystal_walls
D:8:      layout_rooms, lair_entry_dummy, kennysheep_generic_room_8
D:9:      layout_roguey, orc_0_dummy, hangedman_abyss_or_decor_jellyfish_corner
D:10:     layout_cave_pools, serial_bayou_pond_b, uniq_erica, uniq_nergalle,
          uniq_erolcha
Lair:1:   layout_layer_cave, ebering_ghost_rock_garden, beast_lair_carwin_4,
          grunt_megastairs_2
Lair:2:   layout_gridlike, grunt_megastairs_3, minmay_lair_oklob_chamber,
          uniq_maggie
Lair:3:   layout_cave_pods, minmay_shoals_entry_beasts, dummy_snake_entry,
          serial_bayou_crossing
Lair:4:   layout_gridlike
Lair:5:   layout_loops_ring, minmay_slime_entry_pillars
Lair:6:   gammafunk_lair_ancient_temple, layout_gridlike, enter_volcano_4,
          worms_lemuel, uniq_urug

Skill      XL: |  1  2  3  4  5  6  7  8  9 10 11 12 13 |
---------------+----------------------------------------+-----
Transmutations | 2 3 4 5 6 7 |  7.0
Spellcasting   | 5 6 7 8 9 |  9.4
Invocations    | 1 2 3 4 5 6 7 8 |  8.7
Fighting       | 1 2 3 4 5 6 7 8 |  8.0
Short Blades   | 1 2 3 4 5 6 7 8 |  8.0
Long Blades    | 1 2 3 4 5 6 7 8 |  8.0
Axes           | 1 2 3 4 5 6 7 8 |  8.0
Maces & Flails | 1 2 3 4 5 6 7 8 |  8.0
Polearms       | 1 2 3 4 5 6 7 8 |  8.0
Staves         | 1 2 3 4 5 6 7 8 |  8.0
Slings         | 1 2 3 4 5 6 7 8 |  8.0
Bows           | 1 2 3 4 5 6 7 8 |  8.0
Crossbows      | 1 2 3 4 5 6 7 8 |  8.0
Throwing       | 1 2 3 4 5 6 7 8 |  8.0
Armour         | 1 2 3 4 5 6 7 8 |  8.0
Shields        | 1 2 3 4 5 6 7 8 |  8.0
Unarmed Combat | 1 2 3 4 5 6 7 8 |  8.0
Conjurations   | 1 2 3 4 5 6 |  6.6
Hexes          | 1 2 3 4 5 6 |  6.6
Summonings     | 1 2 3 4 5 6 |  6.6
Necromancy     | 1 2 3 4 5 6 |  6.6
Translocations | 1 2 3 4 5 6 |  6.6
Fire Magic     | 1 2 3 4 5 6 |  6.6
Ice Magic      | 1 2 3 4 5 6 |  6.6
Air Magic      | 1 2 3 4 5 6 |  6.6
Earth Magic    | 1 2 3 4 5 6 |  6.6
Evocations     | 1 2 3 4 5 6 7 8 |  8.0
Dodging        | 5 6 7 8 9 |  9.2
Stealth        | 5 6 7 8 9 |  9.1
Poison Magic   | 6 7 8 |  8.7

Action                   |  1- 3 |  4- 6 |  7- 9 | 10-12 | 13-15 || total
-------------------------+-------+-------+-------+-------+-------++-------
Melee: Club              |    16 |       |       |       |       ||    16
       Dagger            |    12 |    49 |    13 |       |       ||    74
       Unarmed           |     4 |       |       |       |       ||     4
       Bite              |     2 |     4 |    49 |    31 |     3 ||    89
       Punch             |       |     2 |     6 |     9 |     4 ||    21
       Staff             |       |     2 |       |       |       ||     2
       War axe           |       |       |   195 |       |       ||   195
       Rapier            |       |       |   311 |   309 |    33 ||   653
Throw: Stone             |       |       |     2 |     2 |     1 ||     5
 Cast: Poisonous Vapours |    12 |    37 |    19 |    51 |     3 ||   122
       Sting             |    33 |    36 |    19 |    33 |     1 ||   122
       Ignite Poison     |       |       |    10 |    42 |     2 ||    54
       Olgreb's Toxic Ra |       |       |     7 |    27 |     2 ||    36
       Confusing Touch   |       |       |       |     8 |     6 ||    14
       Iskenderun's Myst |       |       |       |     7 |       ||     7
Invok: Animate Dead      |       |       |       |    16 |       ||    16
       Drain Life        |       |       |       |     1 |     1 ||     2
       Recall Undead Sla |       |       |       |     1 |       ||     1
Evoke: Wand              |       |       |       |     6 |       ||     6
  Use: Scroll            |       |       |       |     8 |       ||     8
       Potion            |       |       |       |     2 |       ||     2
 Stab: Sleeping          |     4 |     1 |     5 |    12 |       ||    22
       Distracted        |       |       |     2 |     1 |       ||     3
       Confused          |       |       |       |     2 |     3 ||     5
Armor: Robe              |     4 |     6 |       |       |       ||    10
       Leather armour    |       |     1 |    24 |       |       ||    25
       Ring mail         |       |       |   185 |   168 |    16 ||   369
       Skin              |       |       |       |     2 |       ||     2
Dodge: Dodged            |    28 |    34 |   385 |   277 |    44 ||   768

Table legend: (Time is in decaauts)
 A = Elapsed time spent in this place.
 B = Non-inter-level travel time spent in this place.
 C = Inter-level travel time spent in this place.
 D = Time resting spent in this place.
 E = Time spent auto-exploring this place.
 F = Levels seen in this place.
 G = Mean time per level.
                   A        B        C        D        E       F      G
               +--------+--------+--------+--------+--------+-----+--------+
         Total |  19624 |  19036 |    588 |   4216 |  11769 |  17 | 1154.4 |
       Dungeon |  10905 |  10454 |    451 |   1467 |   7083 |  10 | 1090.5 |
          Lair |   7478 |   7341 |    137 |   1901 |   4674 |   6 | 1246.3 |
       Volcano |   1240 |   1240 |      0 |    848 |     12 |   1 | 1240.0 |
               +--------+--------+--------+--------+--------+-----+--------+

Top non-repeatable levels by time:
  Lair:1: 2000 daAuts
  Lair:3: 1672 daAuts
     D:9: 1421 daAuts
     D:6: 1363 daAuts
     D:1: 1350 daAuts
  Lair:4: 1291 daAuts
 Volcano: 1240 daAuts
     D:5: 1223 daAuts
     D:8: 1170 daAuts
     D:4: 1122 daAuts
     D:2: 1092 daAuts
  Lair:5: 1043 daAuts
     D:3: 990 daAuts
  Lair:2: 978 daAuts
     D:7: 917 daAuts
